 Dungeon Crawl Stone Soup version 0.31-a0-819-gf6de2f5ab6 (webtiles) character file.

Game seed: 6298259901836049115

88 qw the Shooter (level 4, -1/28 HPs)
             Began as a Gargoyle Hunter on Sept 23, 2023.
             Killed by divine providence
             ... invoked by an orc priest
              (9 damage)
             ... on level 4 of the Dungeon.
             The game lasted 00:00:42 (1839 turns).

qw the Shooter (Gargoyle Hunter)                    Turns: 1839, Time: 00:00:43

Health: -1/28      AC:  8    Str: 15    XL:     4   Next: 54%
Magic:  4/4        EV: 11    Int:  9    God:
Gold:   47         SH:  0    Dex: 15    Spells: 3/3 levels left

rFire   . . .        Y - +0 shortbow
rCold   . . .        (shield currently unavailable)
rNeg    + + .        a - +0 ring mail
rPois   inf          (no helmet)
rElec   +            (no cloak)
rCorr   .            (no gloves)
SInv    .            (no boots)
Will    .....        (no amulet)
Stlth   +            c - ring of positive energy
HPRegen 0.24/turn    (no ring)
MPRegen 0.09/turn

%: no passive effects
@: about to teleport
A: sickness immunity, AC +3, negative energy resistance 1, electricity
resistance, torment resistance 1, petrification resistance
a: no special abilities


You were on level 4 of the Dungeon.
You visited 1 branch of the dungeon, and saw 4 of its levels.

You collected 102 gold pieces.
You spent 55 gold pieces at shops.


Innate Abilities, Weirdness & Mutations

You are immune to sickness and miasma.
Your stone body is resilient. (AC +3)
You are immune to poison.
You resist negative energy. (rN+)
You are resistant to electric shocks. (rElec)
You are resistant to unholy torment.
You are immune to petrification.


   Skills:
 - Level 3.0 Fighting
 + Level 5.3 Ranged Weapons
 - Level 1.0 Armour
 - Level 1.5 Dodging
 - Level 1.1 Stealth


You had 3 spell levels left.
You didn't know any spells.
Your spell library was empty.

Inventory:

Hand Weapons
 Y - a +0 shortbow (weapon)
Armour
 a - a +0 ring mail (worn)
Jewellery
 c - a ring of positive energy (left hand)
Scrolls
 d - 2 scrolls of identify
 e - 4 scrolls of teleportation
Potions
 b - a potion of curing
 f - a potion of heal wounds
 g - a potion of haste {unknown}
 j - a potion of mutation {unknown}

Dungeon Overview and Level Annotations

Branches:
Dungeon (4/15)
 Temple: D:4-7

Altars:

Shops:
D:1 :   D:2 (?*(

Annotations:
D:3 1 runed translucent door, Crazy Yiuf


Message History

1824 ||| FLEEEEING.
1825 ||| FLEEEEING.
1826 ||| FLEEEEING.
1827 ||| STILL FLEEEEING.
1828 ||| STILL FLEEEEING.
A kobold comes into view. It is wielding a +0 whip.
You shoot an arrow. The arrow closely misses the kobold.
The kobold shouts!
You shoot an arrow. The arrow barely misses the kobold.
The kobold throws a stone.
The stone hits you but does no damage.
You shoot an arrow. The arrow hits the kobold.
The kobold is severely wounded.
The kobold hits you but does no damage.
You shoot an arrow. The arrow hits the kobold.
You kill the kobold!
1833 ||| STILL FLEEEEING.
Things that are here:
a +0 whip; 5 stones You shoot an arrow.
The arrow hits the orc priest.
The orc priest is moderately wounded.
You shoot an arrow. The arrow hits the orc priest.
The orc priest is moderately wounded.
The orc priest hits you with a +0 dagger.
You shoot an arrow. The arrow hits the orc priest!
The orc priest is almost dead.
The orc priest calls down the wrath of Beogh upon you.
Beogh smites you!
You shoot an arrow.
The arrow closely misses the orc priest.
The orc priest hits you but does no damage.
You shoot an arrow.
The arrow hits the orc priest but does no damage.
The orc priest is almost dead.
The orc priest hits you with a +0 dagger. x2
1839 ||| READING 5 scrolls of teleportation.
As you read the scroll of teleportation, it crumbles to dust.
You feel strangely unstable.
The orc priest invokes the aid of Beogh against you.
Beogh smites you!
You die...

#####
#######################...!
...................o....###
#.#.###.##.##############
#. #.##o# #.###.##@###
#.#..........##
#.#)###...........
......#......#.####
#......#...#>#
###.#.###.##.# #..#...#....
#.#######.....##.#
#......<......# #


You could see an orc priest.

Vanquished Creatures
  3 adders
  A worm (D:2)
  4 dart slugs
  An orc (D:4)
  4 bats
  7 endoplasms
  A giant cockroach (D:1)
  2 goblins
  8 hobgoblins
  4 kobolds
  A quokka (D:2)
  5 ball pythons
  6 frilled lizards
  3 rats (D:1)
50 creatures vanquished.

Notes
Turn   | Place    | Note
-------+----------+-------------------------------------------
     0 | D:1      | qw the Gargoyle Hunter began the quest for the Orb.
     0 | D:1      | Reached XP level 1. HP: 12/12 MP: 1/1
     0 | D:1      | 0 ||| qw: Version: 0.3-a-83-gcd0e7d8
     0 | D:1      | 0 ||| qw: Game counter: 1704
     0 | D:1      | 0 ||| qw: Melee chars always use a shield: true
     0 | D:1      | 0 ||| qw: God list: Okawaru
     0 | D:1      | 0 ||| qw: Allow faded altars: false
     0 | D:1      | 0 ||| qw: Do Orc after clearing Dungeon:15 true
     0 | D:1      | 0 ||| qw: Do second Lair branch before Depths: true
     0 | D:1      | 0 ||| qw: Lair rune preference: random
     0 | D:1      | 0 ||| qw: Goals: Normal
     0 | D:1      | 0 ||| PLANNING D:1-11
   103 | D:1      | Reached XP level 2. HP: 17/17 MP: 2/2
   129 | D:1      | Found Wuddaat's Vocational Training.
   285 | D:1      | Reached XP level 3. HP: 21/21 MP: 3/3
   437 | D:1      | 437 ||| READING 2 scrolls labelled RETSAIXTYV.
   438 | D:1      | 438 ||| READING 3 scrolls labelled XIHITHR VORRIEQ.
   443 | D:1      | 443 ||| READING 3 scrolls labelled NALYCV FONEA.
   444 | D:1      | 444 ||| READING scroll labelled TIC YRUDOUVVUNG.
   445 | D:1      | 445 ||| READING scroll labelled SIGOCI SUETOEL.
   460 | D:1      | 460 ||| DRINKING 2 murky grey potions.
   461 | D:1      | 461 ||| DROPPING scroll of amnesia.
   462 | D:1      | 462 ||| DROPPING scroll of butterflies.
   463 | D:1      | 463 ||| DROPPING 2 scrolls of fear.
   464 | D:1      | 464 ||| DROPPING potion of attraction.
   579 | D:2      | Found Athrit's Antique Weapon Boutique.
   637 | D:2      | Found Zokib's Magic Scroll Boutique.
   641 | D:2      | Reached skill level 5 in Ranged Weapons
   643 | D:2      | Found Rankeedi's Assorted Antiques.
   647 | D:2      | 647 ||| SHOPLISTING scroll of enchant weapon (82 gold, have
                  | 67).
   647 | D:2      | 647 ||| BUYING scroll of identify (22 gold).
   647 | D:2      | Bought a scroll of identify for 22 gold pieces
   647 | D:2      | 647 ||| BUYING scroll of teleportation (33 gold).
   647 | D:2      | Bought a scroll of teleportation for 33 gold pieces
   652 | D:2      | 652 ||| SHOPLISTING bubbling clear potion (15 gold, have
                  | 12).
   652 | D:2      | 652 ||| SHOPLISTING longbow (110 gold, have 12).
   652 | D:2      | 652 ||| SHOPLISTING scroll of identify (34 gold, have 12).
   652 | D:2      | 652 ||| SHOPLISTING scroll of teleportation (51 gold, have
                  | 12).
   652 | D:2      | 652 ||| SHOPLISTING silvery potion (15 gold, have 12).
   721 | D:2      | Reached skill level 3 in Fighting
  1099 | D:2      | Found Bamaorgh's Weapon Shop.
  1103 | D:2      | 1103 ||| UPGRADING to +0 ring mail.
  1113 | D:2      | 1113 ||| DROPPING +0 leather armour.
  1114 | D:2      | 1114 ||| READING scroll labelled MIROJO OLOTUA.
  1115 | D:2      | 1115 ||| READING scroll labelled IFARY FUAMNAPS.
  1139 | D:3      | Reached XP level 4. HP: 28/28 MP: 4/4
  1200 | D:3      | Reached skill level 1 in Armour
  1352 | D:3      | Found a runed translucent door.
  1353 | D:3      | Noticed Crazy Yiuf
  1753 | D:3      | 1753 ||| UPGRADING to ring of positive energy.
  1754 | D:3      | 1754 ||| READING 3 scrolls of identify.
  1754 | D:3      | 1754 ||| IDENTIFYING red potion
  1755 | D:3      | 1755 ||| READING 2 scrolls of identify.
  1755 | D:3      | 1755 ||| IDENTIFYING white potion
  1814 | D:4      | 1814 ||| FLEEEEING.
  1815 | D:4      | 1815 ||| FLEEEEING.
  1816 | D:4      | 1816 ||| FLEEEEING.
  1817 | D:4      | 1817 ||| FLEEEEING.
  1818 | D:4      | 1818 ||| FLEEEEING.
  1819 | D:4      | 1819 ||| FLEEEEING.
  1820 | D:4      | 1820 ||| FLEEEEING.
  1821 | D:4      | 1821 ||| FLEEEEING.
  1822 | D:4      | 1822 ||| FLEEEEING.
  1823 | D:4      | 1823 ||| FLEEEEING.
  1824 | D:4      | 1824 ||| FLEEEEING.
  1825 | D:4      | 1825 ||| FLEEEEING.
  1826 | D:4      | 1826 ||| FLEEEEING.
  1838 | D:4      | HP: 7/28 [orc priest/+0 dagger (1)]
  1839 | D:4      | 1839 ||| READING 5 scrolls of teleportation.
  1839 | D:4      | Killed from afar by an orc priest

Levels and vault maps discovered:
D:1:      nzn_arrival_crosshair, layout_rooms, nicolae_shop_vocational
D:2:      layout_basic, serial_shops, nicolae_shop_back_alley_shop, shop, shop,
          nicolae_shop_behind_doors
D:3:      layout_basic, uniq_crazy_yiuf_cottage
D:4:      layout_loops_ring

Skill      XL: |  1  2  3  4 |
---------------+-------------+-----
Ranged Weapons | 5 |  5.3
Fighting       | 3 |  3.0
Armour         | 1 |  1.0
Dodging        | |  1.5
Stealth        | |  1.1

Action                     |  1- 3 |  4- 6 || total
---------------------------+-------+-------++-------
   Fire: Shortbow          |    75 |    52 ||   127
    Use: Scroll            |     7 |     3 ||    10
         Potion            |     1 |       ||     1
 Armour: Leather armour    |     6 |       ||     6
         Ring mail         |       |     8 ||     8
  Dodge: Dodged            |     6 |     8 ||    14

Table legend:
 A = Non-vault XP
 B = Vault XP
 C = Vault XP percentage of total XP
 D = Non-vault monster count
 E = Vault monster count
 F = Vault count percentage of total count
                 A         B        C        D         E       F
            +---------+---------+-------+---------+---------+-------
      Total |     127 |       0 |   0.0 |      50 |       0 |   0.0
            +---------+---------+-------+---------+---------+-------
        D:1 |      34 |       0 |   0.0 |      20 |       0 |   0.0
        D:2 |      45 |       0 |   0.0 |      11 |       0 |   0.0
        D:3 |      43 |       0 |   0.0 |      16 |       0 |   0.0
        D:4 |       5 |       0 |   0.0 |       3 |       0 |   0.0
            +---------+---------+-------+---------+---------+-------
